PCL
VANCOUVER VIPERS @ ALBUQUERQUE ISOTOPES
04/08/2028
 
TOP OF THE 1ST
Vancouver Vipers batting - Pitching for Albuquerque Isotopes : RHP Zózimo Pascoal
Pitching: RHP Zózimo Pascoal
Batting: RHB Steve Bender 0-0: Ball
1-0: Called Strike
1-1: Fly out, F4 (Popup, 4)
Batting: LHB Mike Williams 0-0: Called Strike
0-1: Swinging Strike
0-2: Ball
1-2: Ball
2-2: Ball
3-2: Base on Balls
Batting: LHB Benny Richard 0-0: Ball
1-0: Called Strike
1-1: Ball
2-1: Fly out, F7 (Flyball, 7S)
Batting: RHB David Canseco 0-0: Ball
1-0: Foul Ball, location: 2F
1-1: Ball
2-1: Fly out, F8 (Flyball, 89M)
Top of the 1st over - 0 run(s), 0 hit(s), 0 error(s), 1 left on base; Vancouver 0 - Albuquerque 0
BOTTOM OF THE 1ST
Albuquerque Isotopes batting - Pitching for Vancouver Vipers : RHP José González
Pitching: RHP José González
Batting: RHB Gonzalo Gil 0-0: Ball
1-0: Foul Ball, location: 2F
1-1: Ground out 5-3 (Groundball, 56)
Batting: RHB Sam Wallace 0-0: Called Strike
0-1: Foul Ball, location: 2F
0-2: Strikes out swinging
Batting: LHB Fernando Ortíz 0-0: Ball
1-0: Ball
2-0: Ball
3-0: Called Strike
3-1: Base on Balls
Batting: RHB Will Lott 0-0: SINGLE (Groundball, 6MD)
Fernando Ortíz to second
Batting: LHB José González 0-0: SINGLE (Line Drive, 4D)
Fernando Ortíz to third
Will Lott to second
Batting: LHB Héctor Soto 0-0: Ball
1-0: Swinging Strike
1-1: Foul Ball, location: 2F
1-2: Strikes out swinging
Bottom of the 1st over - 0 run(s), 2 hit(s), 0 error(s), 3 left on base; Vancouver 0 - Albuquerque 0
TOP OF THE 2ND
Vancouver Vipers batting - Pitching for Albuquerque Isotopes : RHP Zózimo Pascoal
Batting: SHB Henry Copeland 0-0: Called Strike
0-1: Ground out 1-3 (Groundball, P)
Batting: RHB Daniel Robert 0-0: Ball
1-0: Ball
2-0: Called Strike
2-1: Ball
3-1: Foul Ball, location: 2F
3-2: Foul Ball, location: 2F
3-2: Fly out, F8 (Flyball, 8RM)
Batting: RHB Ryan Parrish 0-0: Called Strike
0-1: Swinging Strike
0-2: SINGLE (Flyball, 8RS)
Batting: RHB Luis Sáenz 0-0: Swinging Strike
0-1: Ball
1-1: Ball
2-1: Fielders Choice at 2nd, U4 (Groundball, 4M)
Top of the 2nd over - 0 run(s), 1 hit(s), 0 error(s), 1 left on base; Vancouver 0 - Albuquerque 0
BOTTOM OF THE 2ND
Albuquerque Isotopes batting - Pitching for Vancouver Vipers : RHP José González
Batting: RHB Víctor Solano 0-0: Ball
1-0: Called Strike
1-1: SOLO HOME RUN (Flyball, 7LD), Distance : 384 ft
Batting: RHB Jesse McKnight 0-0: SOLO HOME RUN (Flyball, 78XD), Distance : 387 ft
Batting: LHB Héctor Cruz 0-0: Ball
1-0: Fly out, F6 (Popup, 6)
Batting: RHB Gonzalo Gil 0-0: Called Strike
0-1: Ball
1-1: Foul Ball, location: 2F
1-2: SOLO HOME RUN (Flyball, 7LD), Distance : 385 ft
Batting: RHB Sam Wallace 0-0: Called Strike
0-1: Foul Ball, location: 2F
0-2: Fly out, F8 (Flyball, 8RM)
Batting: LHB Fernando Ortíz 0-0: Ball
1-0: Ball
2-0: Foul Ball, location: 2F
2-1: Ball
3-1: SOLO HOME RUN (Flyball, 89XD), Distance : 399 ft
Batting: RHB Will Lott 0-0: Foul Ball, location: 2F
0-1: Foul Ball, location: 2F
0-2: Ball
1-2: SOLO HOME RUN (Flyball, 7D), Distance : 379 ft
Batting: LHB José González 0-0: Fly out, F8 (Flyball, 8RS)
Bottom of the 2nd over - 5 run(s), 5 hit(s), 0 error(s), 0 left on base; Vancouver 0 - Albuquerque 5
TOP OF THE 3RD
Vancouver Vipers batting - Pitching for Albuquerque Isotopes : RHP Zózimo Pascoal
Batting: RHB Axel Guimont 0-0: Ball
1-0: Ball
2-0: Called Strike
2-1: Called Strike
2-2: Foul Ball, location: 2F
2-2: Ball
3-2: SINGLE (Flyball, 9LS)
Batting: RHB Steve Bender 0-0: Called Strike
0-1: Foul Ball, location: 2F
0-2: Ball
1-2: Strikes out looking
Batting: LHB Mike Williams 0-0: Ball
Axel Guimont is caught stealing 2nd base
1-0: Called Strike
1-1: Fly out, F8 (Flyball, 8LM)
Top of the 3rd over - 0 run(s), 1 hit(s), 0 error(s), 0 left on base; Vancouver 0 - Albuquerque 5
BOTTOM OF THE 3RD
Albuquerque Isotopes batting - Pitching for Vancouver Vipers : RHP José González
Batting: LHB Héctor Soto 0-0: Ball
1-0: Swinging Strike
1-1: Called Strike
1-2: Strikes out swinging
Batting: RHB Víctor Solano 0-0: Foul Ball, location: 2F
0-1: Ball
1-1: Swinging Strike
1-2: Foul Ball, location: 2F
1-2: Ball
2-2: Foul Ball, location: 2F
2-2: Strikes out swinging
Batting: RHB Jesse McKnight 0-0: Fly out, F8 (Flyball, 89D)
Bottom of the 3rd over - 0 run(s), 0 hit(s), 0 error(s), 0 left on base; Vancouver 0 - Albuquerque 5
TOP OF THE 4TH
Vancouver Vipers batting - Pitching for Albuquerque Isotopes : RHP Zózimo Pascoal
Batting: LHB Benny Richard 0-0: Ball
1-0: Ball
2-0: Called Strike
2-1: SOLO HOME RUN (Flyball, 9D), Distance : 384 ft
Batting: RHB David Canseco 0-0: Ball
1-0: Ball
2-0: Ball
3-0: Base on Balls
Batting: SHB Henry Copeland 0-0: Ball
1-0: Ball
2-0: Ball
3-0: Called Strike
3-1: Base on Balls
David Canseco to second
Batting: RHB Daniel Robert 0-0: Swinging Strike
0-1: Called Strike
0-2: Ball
1-2: Ball
2-2: Ball
3-2: Base on Balls
David Canseco to third
Henry Copeland to second
Batting: RHB Ryan Parrish 0-0: Ball
1-0: Swinging Strike
1-1: Ball
2-1: Foul Ball, location: 2F
2-2: Foul Ball, location: 2F
2-2: Ball
3-2: Foul Ball, location: 2F
3-2: Base on Balls
David Canseco scores
Henry Copeland to third
Daniel Robert to second
Batting: RHB Luis Sáenz 0-0: SINGLE (Groundball, 6D)
Henry Copeland scores
Daniel Robert to third
Ryan Parrish to second
Batting: RHB Axel Guimont 0-0: Called Strike
0-1: Swinging Strike
0-2: Ball
1-2: Strikes out swinging
Batting: RHB Steve Bender 0-0: Ball
1-0: Fly out, F7 (Flyball, 78S)
Runner from 3rd tags up, SCORES, no throw
Batting: LHB Mike Williams 0-0: Ball
1-0: Ball
2-0: Ball
3-0: Called Strike
3-1: Called Strike
3-2: Foul Ball, location: 2F
3-2: Foul Ball, location: 2F
3-2: Foul Ball, location: 2F
3-2: Base on Balls
Ryan Parrish to third
Luis Sáenz to second
Batting: LHB Benny Richard 0-0: Called Strike
0-1: Called Strike
0-2: Fly out, F7 (Flyball, 7S)
Top of the 4th over - 4 run(s), 2 hit(s), 0 error(s), 3 left on base; Vancouver 4 - Albuquerque 5
BOTTOM OF THE 4TH
Albuquerque Isotopes batting - Pitching for Vancouver Vipers : RHP José González
Batting: LHB Héctor Cruz 0-0: Foul Ball, location: 2F
0-1: Ball
1-1: Ball
2-1: Called Strike
2-2: DOUBLE (Line Drive, 8RXD)
Pitching: RHP Jeffrey Campbell
Pinch Runner at 2nd Brett Bell:
Batting: RHB Gonzalo Gil 0-0: Foul Ball, location: 2F
0-1: Ball
1-1: Ball
2-1: Ball
3-1: Base on Balls
Batting: RHB Sam Wallace 0-0: Foul Ball, location: 2F
0-1: Ball
1-1: Foul Ball, location: 2F
1-2: Ball
2-2: Ball
3-2: Foul Ball, location: 2F
3-2: DOUBLE (Line Drive, 9D)
Brett Bell scores
Gonzalo Gil to third
Batting: LHB Fernando Ortíz 0-0: Called Strike
0-1: Ball
1-1: Ball
2-1: SINGLE (Flyball, 7S)
Gonzalo Gil scores
Sam Wallace to third
Batting: RHB Will Lott 0-0: Ball
Fernando Ortíz steals 2nd base
1-0: 3-RUN HOME RUN (Flyball, 78XD), Distance : 386 ft
Pitching: RHP Bob Martin
Batting: LHB José González 0-0: Ball
1-0: Foul Ball, location: 2F
1-1: Ball
2-1: SINGLE (Groundball, 4D)
Batting: LHB Héctor Soto 0-0: Foul Ball, location: 2F
0-1: Ball
1-1: Ground out 4-3 (Groundball, 34D)
José González to second
Batting: RHB Víctor Solano 0-0: Called Strike
0-1: Ball
1-1: Swinging Strike
1-2: SINGLE (Flyball, 9S)
José González to third
Runner from 3rd tries for Home, SAFE, throw made home
Víctor Solano to second
Batting: RHB Jesse McKnight 0-0: Ball
1-0: Ground out 6-3 (Groundball, 6M)
Víctor Solano to third
Batting: RHB Brett Bell 0-0: Ground out 1-3 (Groundball, P)
Bottom of the 4th over - 6 run(s), 6 hit(s), 0 error(s), 1 left on base; Vancouver 4 - Albuquerque 11
TOP OF THE 5TH
Vancouver Vipers batting - Pitching for Albuquerque Isotopes : RHP Zózimo Pascoal
Pitching: LHP John Knight
Now at C: Brett Bell
Batting: RHB David Canseco 0-0: Called Strike
0-1: Ball
1-1: Swinging Strike
1-2: Foul Ball, location: 2F
1-2: Ball
2-2: Strikes out swinging
Batting: SHB Henry Copeland 0-0: Fly out, F9 (Flyball, 9D)
Batting: RHB Daniel Robert 0-0: Called Strike
0-1: Swinging Strike
0-2: Ball
1-2: Ball
2-2: Strikes out swinging
Top of the 5th over - 0 run(s), 0 hit(s), 0 error(s), 0 left on base; Vancouver 4 - Albuquerque 11
BOTTOM OF THE 5TH
Albuquerque Isotopes batting - Pitching for Vancouver Vipers : RHP Bob Martin
Batting: RHB Gonzalo Gil 0-0: Ball
1-0: Ground out 5-3 (Groundball, 56)
Batting: RHB Sam Wallace 0-0: Swinging Strike
0-1: Foul Ball, location: 2F
0-2: Ground out 5-3 (Groundball, 5L)
Batting: LHB Fernando Ortíz 0-0: Ball
1-0: Foul Ball, location: 2F
1-1: Foul Ball, location: 2F
1-2: Ball
2-2: DOUBLE (Line Drive, 9LS)
Batting: RHB Will Lott 0-0: Ball
1-0: Ball
2-0: Ball
3-0: Called Strike
3-1: Base on Balls
Batting: LHB José González 0-0: Ball
1-0: Foul Ball, location: 2F
1-1: Swinging Strike
1-2: Foul Ball, location: 2F
1-2: Fielders Choice at 2nd, 4-6 (Groundball, 4)
Bottom of the 5th over - 0 run(s), 1 hit(s), 0 error(s), 1 left on base; Vancouver 4 - Albuquerque 11
TOP OF THE 6TH
Vancouver Vipers batting - Pitching for Albuquerque Isotopes : LHP John Knight
Batting: RHB Ryan Parrish 0-0: Ball
1-0: Ball
2-0: Ball
3-0: Base on Balls
Batting: RHB Luis Sáenz 0-0: Swinging Strike
0-1: Ball
1-1: Called Strike
1-2: Foul Ball, location: 2F
1-2: Ball
2-2: Foul Ball, location: 2F
2-2: Foul Ball, location: 2F
2-2: Strikes out swinging
Batting: RHB Axel Guimont 0-0: Ball
1-0: Ball
2-0: Ball
3-0: Called Strike
3-1: Base on Balls
Ryan Parrish to second
Batting: RHB Steve Bender 0-0: Ball
Ryan Parrish steals 3rd base
Axel Guimont to second
1-0: Called Strike
1-1: Foul Ball, location: 2F
1-2: Foul Ball, location: 2F
1-2: Strikes out swinging
Batting: LHB Mike Williams 0-0: Ball
1-0: Foul Ball, location: 2F
1-1: Foul Ball, location: 2F
1-2: Strikes out swinging
Top of the 6th over - 0 run(s), 0 hit(s), 0 error(s), 2 left on base; Vancouver 4 - Albuquerque 11
BOTTOM OF THE 6TH
Albuquerque Isotopes batting - Pitching for Vancouver Vipers : RHP Bob Martin
Pitching: RHP Augusto Herrera
Batting: LHB Héctor Soto 0-0: Called Strike
0-1: Called Strike
0-2: Foul Ball, location: 2F
0-2: Ball
1-2: Ball
2-2: Ball
3-2: Strikes out swinging
Batting: RHB Víctor Solano 0-0: Ground out 5-3 (Groundball, 5)
Batting: RHB Jesse McKnight 0-0: Fly out, F8 (Flyball, 89M)
Bottom of the 6th over - 0 run(s), 0 hit(s), 0 error(s), 0 left on base; Vancouver 4 - Albuquerque 11
TOP OF THE 7TH
Vancouver Vipers batting - Pitching for Albuquerque Isotopes : LHP John Knight
Batting: LHB Benny Richard 0-0: Ball
1-0: Swinging Strike
1-1: Ball
2-1: Foul Ball, location: 2F
2-2: Ball
3-2: Foul Ball, location: 2F
3-2: Foul Ball, location: 2F
3-2: SINGLE (Line Drive, 89S)
Pitching: LHP Alberto Ruíz
Batting: RHB David Canseco 0-0: Ball
1-0: SINGLE (Line Drive, 7LS)
Benny Richard to second
Batting: SHB Henry Copeland 0-0: Ball
1-0: Swinging Strike
1-1: Foul Ball, location: 2F
1-2: Ball
2-2: Foul Ball, location: 2F
2-2: Foul Ball, location: 2F
2-2: Strikes out looking
Batting: RHB Daniel Robert 0-0: Called Strike
0-1: Foul Ball, location: 2F
0-2: Ball
1-2: Ball
2-2: Ball
3-2: Base on Balls
Benny Richard to third
David Canseco to second
Batting: RHB Ryan Parrish 0-0: Ball
1-0: Ball
2-0: SINGLE (Groundball, 6MD)
Benny Richard scores
David Canseco to third
Daniel Robert to second
Runner from 3rd tries for Home, SAFE, no throw
Batting: RHB Luis Sáenz 0-0: Ball
1-0: Ball
2-0: Called Strike
2-1: Fly out, F9 (Flyball, 9LM)
Batting: RHB Axel Guimont 0-0: SINGLE (Line Drive, 89M)
Daniel Robert to third
Ryan Parrish to second
Runner from 3rd tries for Home, SAFE, no throw
Pitching: RHP Germán Hernández
Batting: RHB Steve Bender 0-0: Reached on error, E6 (Groundball, 6)
Ryan Parrish to third
Axel Guimont to second
Batting: LHB Mike Williams 0-0: Called Strike
0-1: Called Strike
0-2: Ground out 1-3 (Groundball, P)
Top of the 7th over - 3 run(s), 4 hit(s), 1 error(s), 3 left on base; Vancouver 7 - Albuquerque 11
BOTTOM OF THE 7TH
Albuquerque Isotopes batting - Pitching for Vancouver Vipers : RHP Augusto Herrera
Batting: RHB Brett Bell 0-0: Foul Ball, location: 2F
0-1: Ball
1-1: Ball
2-1: Called Strike
2-2: Ball
3-2: Strikes out swinging
Batting: RHB Gonzalo Gil 0-0: Ball
1-0: Ball
2-0: Ball
3-0: Called Strike
3-1: Base on Balls
Batting: RHB Sam Wallace 0-0: Ball
1-0: 2-RUN HOME RUN (Flyball, 78XD), Distance : 386 ft
Batting: LHB Fernando Ortíz 0-0: Foul Ball, location: 2F
0-1: Called Strike
0-2: Foul Ball, location: 2F
0-2: Foul Ball, location: 2F
0-2: Ball
1-2: Ball
2-2: Foul Ball, location: 2F
2-2: Foul Ball, location: 2F
2-2: DOUBLE (Line Drive, 9LM)
Batting: RHB Will Lott 0-0: Ball
1-0: Swinging Strike
1-1: Ball
2-1: Ball
3-1: Base on Balls
Batting: LHB José González 0-0: SINGLE (Groundball, 34S) (infield hit)
Fernando Ortíz to third
Will Lott to second
Batting: LHB Héctor Soto 0-0: GRAND SLAM HOME RUN (Flyball, 89XD), Distance : 393 ft
Pitching: RHP Larry Stewart
Pinch Hitting: RHB Nick Harris 0-0: Ball
1-0: Ball
2-0: Foul Ball, location: 2F
2-1: Ball
3-1: Ground out 6-3 (Groundball, 6)
Batting: RHB Jesse McKnight 0-0: Foul Ball, location: 2F
0-1: Called Strike
0-2: Ball
1-2: Foul Ball, location: 2F
1-2: Fly out, F9 (Flyball, 9S)
Bottom of the 7th over - 6 run(s), 4 hit(s), 0 error(s), 0 left on base; Vancouver 7 - Albuquerque 17
TOP OF THE 8TH
Vancouver Vipers batting - Pitching for Albuquerque Isotopes : RHP Germán Hernández
Now at 2B: Raúl Bauza
Now in CF: Nick Harris
Batting: LHB Benny Richard 0-0: Ball
1-0: Called Strike
1-1: Called Strike
1-2: Ball
2-2: Ball
3-2: Base on Balls
Batting: RHB David Canseco 0-0: Ball
1-0: Swinging Strike
1-1: SINGLE (Groundball, 34D)
Benny Richard to second
Runner from 2nd tries for 3rd, SAFE, throw made to third
Batting: SHB Henry Copeland 0-0: Swinging Strike
0-1: Ball
1-1: Ball
2-1: Called Strike
2-2: Ball
3-2: Base on Balls
David Canseco to second
Batting: RHB Daniel Robert 0-0: Swinging Strike
0-1: Ball
1-1: Swinging Strike
1-2: Ball
2-2: SINGLE (Flyball, 8LM)
Benny Richard scores
David Canseco to third
Henry Copeland to second
Batting: RHB Ryan Parrish 0-0: Ball
1-0: Fly out, F9 (Flyball, 9)
Runner from 3rd tags up, SCORES, no throw
Batting: RHB Luis Sáenz 0-0: Foul Ball, location: 2F
0-1: Foul Ball, location: 2F
0-2: Strikes out swinging
Batting: RHB Axel Guimont 0-0: Ball
1-0: Ball
2-0: Ball
3-0: Called Strike
3-1: Base on Balls
Henry Copeland to third
Daniel Robert to second
Batting: RHB Steve Bender 0-0: Foul Ball, location: 2F
0-1: DOUBLE (Line Drive, 7LM)
Henry Copeland scores
Daniel Robert scores
Axel Guimont to third
Runner from 3rd tries for Home, SAFE, no throw
Pitching: RHP Steve Snyder
Batting: LHB Mike Williams 0-0: Ball
1-0: Called Strike
1-1: Ball
2-1: Ball
3-1: Foul Ball, location: 2F
3-2: SINGLE (Groundball, 25) (infield hit)
Steve Bender to third
Batting: LHB Benny Richard 0-0: Swinging Strike
0-1: Called Strike
0-2: Ball
1-2: Strikes out swinging
Top of the 8th over - 5 run(s), 4 hit(s), 0 error(s), 2 left on base; Vancouver 12 - Albuquerque 17
BOTTOM OF THE 8TH
Albuquerque Isotopes batting - Pitching for Vancouver Vipers : RHP Larry Stewart
Batting: RHB Brett Bell 0-0: Ball
1-0: Ball
2-0: Called Strike
2-1: Foul Ball, location: 2F
2-2: Foul Ball, location: 2F
2-2: Ball
3-2: SINGLE (Line Drive, 34)
Batting: RHB Gonzalo Gil 0-0: Called Strike
0-1: Swinging Strike
0-2: Strikes out swinging
Batting: RHB Sam Wallace 0-0: Called Strike
0-1: Called Strike
0-2: Ball
1-2: SINGLE (Groundball, 4MS) (infield hit)
Brett Bell to second
Batting: LHB Fernando Ortíz 0-0: Foul Ball, location: 2F
0-1: Ball
1-1: 3-RUN HOME RUN (Flyball, 7LD), Distance : 383 ft
Pitching: RHP Tom Wallace
Batting: RHB Will Lott 0-0: Ball
1-0: Ball
2-0: Called Strike
2-1: Foul Ball, location: 2F
2-2: Ball
3-2: Foul Ball, location: 2F
3-2: Base on Balls
Batting: LHB José González 0-0: Ball
1-0: SINGLE (Groundball, 4MD)
Will Lott to second
Batting: LHB Héctor Soto 0-0: Called Strike
0-1: Called Strike
0-2: Ball
1-2: Ball
2-2: Foul Ball, location: 2F
2-2: Foul Ball, location: 2F
2-2: Foul Ball, location: 2F
2-2: Ball
3-2: Foul Ball, location: 2F
3-2: Foul Ball, location: 2F
3-2: 3-RUN HOME RUN (Flyball, 8RXD), Distance : 420 ft
Pitching: RHP Jesse Jones
Batting: RHB Nick Harris 0-0: Ball
1-0: Foul Ball, location: 2F
1-1: Swinging Strike
1-2: SINGLE (Groundball, 34D)
Pinch Hitting: LHB Juan Carlos Sánchez 0-0: Grounds into double play, 6-4-3 (Groundball, 6M)
Bottom of the 8th over - 6 run(s), 6 hit(s), 0 error(s), 0 left on base; Vancouver 12 - Albuquerque 23
TOP OF THE 9TH
Vancouver Vipers batting - Pitching for Albuquerque Isotopes : RHP Steve Snyder
Now at 2B: Luis Martínez
Batting: RHB David Canseco 0-0: Called Strike
0-1: Foul Ball, location: 2F
0-2: Strikes out swinging
Batting: SHB Henry Copeland 0-0: Called Strike
0-1: Swinging Strike
0-2: Strikes out swinging
Batting: RHB Daniel Robert 0-0: Called Strike
0-1: Ball
1-1: Ball
2-1: SINGLE (Line Drive, 56D)
Batting: RHB Ryan Parrish 0-0: Ball
1-0: Ball
2-0: Foul Ball, location: 2F
2-1: Called Strike
2-2: Foul Ball, location: 2F
2-2: Ball
3-2: Base on Balls
Daniel Robert to second
Batting: RHB Luis Sáenz 0-0: Fly out, F4 (Line Drive, 4)
Top of the 9th over - 0 run(s), 1 hit(s), 0 error(s), 2 left on base; Vancouver 12 - Albuquerque 23
Tuesday, August 8th, 2017 - OOTP Baseball 17.12 Build 75